 Dungeon Crawl Stone Soup version 0.23.2-30-g0e89c35649 (webtiles) character file.

Game seed: 1905378854354150860

158 Mrkan the Chopper (level 5, -3/42 HPs)
             Began as a Human Berserker on June 23, 2019.
             Was a Believer of Trog.
             Slain by a gnoll
             ... wielding a +0 whip
              (6 damage)
             ... on level 4 of the Dungeon.
             The game lasted 00:05:11 (3171 turns).

Mrkan the Chopper (Human Berserker)                 Turns: 3171, Time: 00:05:12

Health: -3/42      AC:  4    Str: 19    XL:     5   Next: 66%
Magic:  5/5        EV: 12    Int:  7    God:    Trog [**....]
Gold:   161        SH:  0    Dex: 12    Spells: 4/4 levels left

rFire    . . .     SeeInvis .   a - +0 hand axe
rCold    . . .     Gourm    .   (no shield)
rNeg     . . .     Faith    .   b - +0 animal skin
rPois    .         Spirit   .   (no helmet)
rElec    .         Reflect  .   (no cloak)
rCorr    +         Harm     .   (no gloves)
MR       .....                  d - +1 pair of boots
Stlth    +.........             (no amulet)
HPRegen  0.14/turn              g - ring of resist corrosion
MPRegen  0.09/turn              (no ring)

@: lethally poisoned (-3 -> -4)
A: no striking features
a: Berserk, Trog's Hand, Renounce Religion


You were on level 4 of the Dungeon.
You worshipped Trog.
Trog was pleased with you.
You were not hungry.

You visited 1 branch of the dungeon, and saw 4 of its levels.

You collected 161 gold pieces.

Inventory:

Hand Weapons
 a - a +0 hand axe (weapon)
Armour
 b - a +0 animal skin (worn)
 d - a +1 pair of boots (worn)
Jewellery
 g - a ring of resist corrosion (left hand)
Scrolls
 e - a scroll of teleportation
 f - a scroll of enchant armour
 i - 3 scrolls of remove curse
 j - a scroll of blinking {unknown}
 l - a scroll of identify {unknown}
 q - a scroll of magic mapping {unknown}
Potions
 h - a potion of heal wounds {unknown}
 k - 2 potions of haste {unknown}
 n - a potion of cancellation {unknown}
 o - a potion of agility {unknown}
 p - 3 potions of curing
Comestibles
 c - 9 rations


   Skills:
 + Level 3.8 Fighting
 * Level 4.7 Axes
 + Level 3.1 Armour
 - Level 2.0 Dodging


You had 4 spell levels left.
You didn't know any spells.
Your spell library was empty.

Dungeon Overview and Level Annotations

Branches:
Dungeon (4/15)             Temple (0/1) D:4

Altars:
Fedhas


Message History

You feel sick.
The gnoll hits you from afar with a +0 halberd!
The gnoll barely misses you.
You feel sick.
The gnoll shaman calls upon its god to speed up the gnoll.
The gnoll seems to speed up.
The gnoll hits you from afar with a +0 halberd.
You feel sick.
The gnoll shaman calls upon its god to speed up something.
Found a potion of curing.
You feel sick.
You feel sick.
You feel sick. The gnoll hits you but does no damage.
The gnoll hits you but does no damage.
You feel sick. The gnoll closely misses you. The gnoll barely misses you.
You feel sick. The gnoll hits you with a +0 whip!
* * * LOW HITPOINT WARNING * * *
The gnoll hits you with a +0 whip.
You die...

..... #....##.....#..)...# ...
..... ##...g.....###.......# ....
.....##..gg...g..##.....#...#.##.
!.....#.g###.##.........#.#......
.........# #####.......####......
.........# #...#.##..#.#......
#.......g# ###g###..............
........g####...g.#...###........
.........##.##..@.#..####.....#..
....###.....#.......####.........
.... ##..#.........###......#.#.
... #.............##......###.#
.. #....##.........##....###...
#........###........#........#
#........# ##.........##..>..#
#.#.#..####....#..###..#......
#.###.. #.#####g.###.## .


You could see 2 gnolls.

Vanquished Creatures
  7 adders
  2 oozes
  An adder zombie (D:3)
  2 worms (D:2)
  2 dart slugs
  A leopard gecko (D:3)
  An orc (D:3)
  7 bats
  5 giant cockroaches
  7 goblins
  10 hobgoblins
  8 jackals
  7 kobolds
  A quokka (D:2)
  A ball python (D:1)
  3 frilled lizards
  6 rats (D:1)
71 creatures vanquished.

Notes
Turn   | Place    | Note
-------+----------+-------------------------------------------
     0 | D:1      | Mrkan the Human Berserker began the quest for the Orb.
     0 | D:1      | Reached XP level 1. HP: 18/18 MP: 1/1
    74 | D:1      | Reached XP level 2. HP: 19/24 MP: 2/2
   273 | D:1      | Reached XP level 3. HP: 15/29 MP: 3/3
   401 | D:1      | Reached ** piety under Trog
   403 | D:1      | HP: 1/43 [jackal (2)]
  1288 | D:2      | Reached XP level 4. HP: 23/35 MP: 4/4
  1399 | D:2      | Reached skill level 4 in Axes
  1668 | D:2      | HP: 1/35 [adder (2)]
  2074 | D:2      | Reached XP level 5. HP: 41/41 MP: 5/5
  2482 | D:3      | Found a blossoming altar of Fedhas.
  3115 | D:4      | Found a staircase to the Ecumenical Temple.
  3171 | D:4      | Slain by a gnoll

Skill      XL: |  1  2  3  4  5 |
---------------+----------------+-----
Axes           | 4 |  4.7
Armour         | 3 |  3.1
Fighting       | |  3.8
Dodging        | |  2.0

Action                   |  1- 3 |  4- 6 || total
-------------------------+-------+-------++-------
Melee: Hand axe          |   121 |   154 ||   275
Invok: Berserk           |     1 |     1 ||     2
       Trog's Hand       |       |     1 ||     1
  Use: Potion            |     1 |     1 ||     2
       Scroll            |       |     3 ||     3
 Stab: Sleeping          |     5 |     2 ||     7
  Eat: Ration            |     1 |       ||     1
       Chunk             |       |     6 ||     6
Armor: Animal skin       |    19 |    28 ||    47
Dodge: Dodged            |    61 |   107 ||   168
